 Dungeon Crawl Stone Soup version 0.25.0-9-g26727b657a (webtiles) character file.

Game seed: 14346080847197435959

261 xccam the Insei (level 6, -4/38 HPs)
             Began as an Octopode Transmuter on June 17, 2020.
             Slain by Duvessa
             ... wielding a +0 short sword
              (20 damage)
             ... on level 4 of the Dungeon.
             The game lasted 00:05:23 (3096 turns).

xccam the Insei (Octopode Transmuter)               Turns: 3096, Time: 00:05:24

Health: -4/38      AC:  1    Str: 12    XL:     6   Next: 18%
Magic:  1/9        EV: 17    Int: 15    God:
Gold:   170        SH:  0    Dex: 12    Spells: 6/9 levels left

rFire    . . .     SeeInvis .     - Unarmed
rCold    . . .     Gourm    .   (no shield)
rNeg     + . .     Faith    +   (helmet restricted)
rPois    .         Spirit   .   e - amulet of faith
rElec    .         Reflect  .   g - ring of positive energy
rCorr    .         Harm     .   j - +4 ring of evasion
MR       .....                  (no ring)
Stlth    ++........             (no ring)
HPRegen  0.12/turn              (no ring)
MPRegen  0.11/turn              (no ring)
                                (no ring)
                                (no ring)

@: appendage (expiring), hasted, very quick
A: almost no armour, stealthy swim, amphibious, 8 rings, constrict 8, tentacle
spike 3, camouflage 1, gelatinous body 1
a: End Transformation


You were on level 4 of the Dungeon.
You were not hungry.
One of your tentacles had a temporary spike.
You visited 1 branch of the dungeon, and saw 5 of its levels.

You collected 170 gold pieces.

Inventory:

Missiles
 a - 18 arrows
Jewellery
 e - an amulet of faith (around mantle)
 g - a ring of positive energy (left tentacle)
 j - a +4 ring of evasion (right tentacle)
Scrolls
 b - 2 scrolls of remove curse
 f - 2 scrolls of blinking
 h - a scroll of identify
 i - a scroll of teleportation {unknown}
 n - 3 scrolls of enchant armour {unknown}
 o - a scroll of magic mapping {unknown}
 q - a scroll of amnesia {unknown}
 r - a scroll of enchant weapon {unknown}
 s - a scroll of noise {unknown}
Potions
 k - 4 potions of curing
 l - 3 potions of cancellation
 p - a potion of degeneration {unknown}
 t - a potion of resistance {unknown}
 u - a potion of experience {unknown}
Comestibles
 c - 8 rations
 d - 5 chunks of flesh


   Skills:
 + Level 1.5 Fighting
 + Level 2.3 Dodging
 + Level 6.1 Unarmed Combat
 + Level 2.3 Spellcasting
 + Level 2.3 Transmutations


You had 6 spell levels left.
You knew the following spells:

 Your Spells              Type           Power        Failure   Level  Hunger
a - Beastly Appendage     Tmut           #.....       9%          1    #......
b - Sticks to Snakes      Tmut           #.......     12%         2    ###....

Your spell library contained the following spells:

 Spells                   Type           Power        Failure   Level  Hunger
 Spider Form              Tmut/Pois      #.........   36%         3    ###....
 Ice Form                 Ice/Tmut       #.......     78%         4    #####..
 Blade Hands              Tmut           #.........   92%         5    ######.


Dungeon Overview and Level Annotations

Branches:
Dungeon (5/15)
 Temple: D:4-7

Altars:
Ashenzari
Fedhas
Kikubaaqudgha
Nemelex Xobeh
Uskayaw

Annotations:
D:4 Duvessa


Innate Abilities, Weirdness & Mutations

You cannot wear most types of armour.
You are very stealthy in the water. (Stealth+)
You are amphibious.
You can wear up to eight rings at the same time.
You can use your tentacles to constrict eight enemies at once.
Your skin changes colour to match your surroundings (Stealth+).
Your rubbery body absorbs attacks. (AC +1, EV +1)
One of your tentacles bears a large vicious spike.


Message History

Duvessa hits you with a +0 short sword!
Unknown command.
You tentacle-slap Duvessa but do no damage.
You pierce Duvessa, but do no damage.
You squeeze Duvessa.
Duvessa is moderately wounded.
You constrict Duvessa, but do no damage.
Your adder bites Duvessa.
Duvessa looks even sicker.
Your adder poisons Duvessa!
Duvessa barely misses you.
Unknown command.
You tentacle-slap Duvessa.
You pierce Duvessa.
Your squeeze misses Duvessa.
Duvessa is heavily wounded.
You constrict Duvessa.
Your adder bites Duvessa.
Duvessa barely misses you.
Unknown command.
You tentacle-slap Duvessa but do no damage.
You pierce Duvessa, but do no damage.
Duvessa is heavily wounded.
You constrict Duvessa.
Your adder bites Duvessa.
Duvessa hits you with a +0 short sword!!
Ouch! That really hurt!
You die...

... ..#..##.#.# #
#.# #.#..##.#.#####
.# #.
#....รท........#
.###
#.##.##.#.###.#
.... ...##.##.#.#
..### ### #.##.#!#
....... #.##l#.#
....#.# #.##e#.#
.#..#>## #.##S@.#
.#.....## #.
##........ .#......
.....#.##
.#..#.#### ##.##.#
.......... ... ...
.#..#.### ... ..#
.#..#.# .... ...
.#..#.######..##.##
### ..............


You could see Duvessa (berserk, very poisoned), a frilled lizard and a friendly
adder.

Vanquished Creatures
  Dowan (D:4)
  2 hounds (D:4)
  7 adders
  An ooze (D:2)
  2 worms
  2 dart slugs
  2 leopard geckos
  10 orcs
  A giant cockroach (D:2)
  4 goblins
  9 hobgoblins
  2 jackals (D:1)
  9 kobolds
  3 quokkas
  2 ball pythons
  6 bats
  5 frilled lizards
  8 rats
76 creatures vanquished.

Notes
Turn   | Place    | Note
-------+----------+-------------------------------------------
     0 | D:1      | xccam the Octopode Transmuter began the quest for the Orb.
     0 | D:1      | Reached XP level 1. HP: 13/13 MP: 3/3
   155 | D:1      | Reached XP level 2. HP: 5/18 MP: 5/5
   857 | D:1      | Reached skill level 4 in Unarmed Combat
  1004 | D:2      | Reached XP level 3. HP: 21/23 MP: 4/6
  1119 | D:2      | Learned a level 2 spell: Sticks to Snakes
  1488 | D:2      | Reached XP level 4. HP: 22/28 MP: 7/7
  1695 | D:2      | Reached skill level 5 in Unarmed Combat
  1823 | D:2      | Found a hide-covered altar of Uskayaw.
  1905 | D:2      | Found a blossoming altar of Fedhas.
  2102 | D:2      | Found a shattered altar of Ashenzari.
  2274 | D:3      | Reached XP level 5. HP: 24/33 MP: 6/8
  2361 | D:3      | You fall into a shaft and drop 2 floors!
  2361 | D:5      | Entered Level 5 of the Dungeon
  2660 | D:3      | Reached skill level 6 in Unarmed Combat
  2737 | D:3      | Found a sparkling altar of Nemelex Xobeh.
  2843 | D:3      | Found an ancient bone altar of Kikubaaqudgha.
  3066 | D:4      | Noticed Dowan
  3071 | D:4      | Noticed Duvessa
  3084 | D:4      | Killed Dowan
  3084 | D:4      | Reached XP level 6. HP: 26/38 MP: 4/9
  3096 | D:4      | Slain by Duvessa

Illustrated notes

Levels and vault maps discovered:
D:1:      evilmike_arrival_plus, layout_rooms
D:2:      layout_loops_ring, fedhas_altar_3, marbit_many_paths,
          ashenzari_altar_1
D:3:      layout_basic, lemuel_round_altar, kiku_gazebo_pond_becter,
          first_ration
D:4:      layout_basic, uniq_edmund, uniq_duvessa
D:5:      layout_cave_pods, kennysheep_mini, grunt_gozag_breadcrumbs,
          serial_shops, shop, gammafunk_ghost_nasty_kobolds, uniq_menkaure

Skill      XL: |  1  2  3  4  5 |
---------------+----------------+-----
Unarmed Combat | 4 5 6 |  6.1
Fighting       | |  1.5
Dodging        | |  2.3
Spellcasting   | |  2.3
Transmutations | |  2.3

Action                   |  1- 3 |  4- 6 || total
-------------------------+-------+-------++-------
Melee: Unarmed           |    86 |    95 ||   181
       Constrict         |    20 |    25 ||    45
       Tentacles         |     9 |    19 ||    28
       Punch             |     1 |     1 ||     2
       Kick              |     3 |    11 ||    14
 Cast: Beastly Appendage |     5 |     5 ||    10
       Sticks to Snakes  |       |     4 ||     4
  Use: Scroll            |       |     5 ||     5
       Potion            |       |     1 ||     1
 Stab: Sleeping          |     3 |     8 ||    11
  Eat: Chunk             |     2 |     5 ||     7
Armor: Skin              |     6 |     2 ||     8
Dodge: Dodged            |    63 |    50 ||   113
